Map: Efflorescence LE

Players

Massa - Winner!

  • Race: Terran Terran
  • League: Platinum
  • Spawn Location: 9:00

qqq - Winner!

  • Race: Zerg Zerg
  • League: Platinum
  • Spawn Location: 6:00

scargn

  • Race: Zerg Zerg
  • League: Diamond
  • Spawn Location: 3:00

Genovis

  • Race: Protoss Protoss
  • League: Diamond
  • Spawn Location: 12:00

VOD

Have the link to the VOD?

Description

Time

  • Played on: Jan. 16, 2021, 6:07 a.m.
  • Length: 5:00
Show
View Real Time Build Order
Export as new Build Order

Massa Terran - Winner!

Build Orders:  

Get SALT Encoding   

  12  0:00  SCV  
  13  0:13  SCV  
  14  0:25  SCV, Supply Depot  
  15  0:43  Refinery  
  15  0:46  SCV  
  15  0:47  Barracks  
  16  0:58  SCV  
  17  1:10  SCV  
  18  1:23  SCV  
  19  1:35  SCV  
  19  1:39  Barracks Reactor  
  20  1:42  Command Center  
  20  1:51  SCV, Supply Depot  
  21  2:03  Factory  
  21  2:08  SCV  
  22  2:15  Marine  
  22  2:16  Marine  
  22  2:22  Orbital Command  
  24  2:33  Marine x2  
  26  2:50  Supply Depot  
  26  2:51  Marine x2  
  28  2:59  Orbital Command  
  28  3:14  Hellion x2  
  28  3:15  Barracks Tech Lab  
  32  3:20  Starport  
  32  3:22  Refinery  
  32  3:26  SCV  
  33  3:29  SCV  
  34  3:36  Hellion  
  36  3:52  Barracks Tech Lab  
Show
View Real Time Build Order
Export as new Build Order

qqq Zerg - Winner!

Build Orders: Pool First 

Get SALT Encoding   

  12  0:00  Drone  
  13  0:09  Drone  
  14  0:27  Spawning Pool  
  13  0:32  Drone  
  14  0:36  Extractor  
  14  0:39  Drone  
  14  0:48  Overlord  
  14  1:14  Zergling x6  
  14  1:17  Queen  
  19  1:25  Zergling x2  
  20  1:38  Metabolic Boost  
  20  1:41  Zergling x2  
  21  1:49  Overlord  
  21  1:59  Zergling x2  
  21  2:10  Zergling x2  
  22  2:22  Zergling x2  
  22  2:46  Zergling x6  
  25  2:57  Zergling x2  
  23  3:04  Zergling x2  
  24  3:18  Hatchery  
  23  3:32  Zergling x8  
  27  3:46  Zergling x2  
  28  4:01  Zergling x2  
  29  4:06  Overlord x2  
  26  4:39  Zergling x2  
  26  4:40  Zergling x4  
Show
View Real Time Build Order
Export as new Build Order

scargn Zerg 

Build Orders: Hatch First 

Get SALT Encoding   

  12  0:01  Drone  
  13  0:15  Overlord  
  13  0:32  Drone  
  13  0:35  Drone x2  
  16  0:55  Drone  
  17  0:58  Hatchery  
  16  1:05  Drone  
  16  1:06  Drone  
  18  1:21  Extractor  
  18  1:23  Spawning Pool  
  18  1:24  Drone  
  17  1:28  Drone  
  18  1:39  Drone  
  19  2:06  Overlord  
  19  2:14  Zergling x6  
  22  2:15  Queen  
  22  2:19  Spine Crawler  
  22  2:21  Spine Crawler  
  22  2:28  Baneling Nest  
  21  2:31  Zergling x6  
  21  2:54  Zergling x6  
  21  3:02  Metabolic Boost  
  20  3:18  Zergling x8  
  21  3:44  Baneling x2  
  21  3:48  Drone x2  
  23  4:09  Hatchery  
  21  4:26  Baneling  
  22  4:33  Hatchery  
  21  4:45  Drone x2  
Show
View Real Time Build Order
Export as new Build Order

Genovis Protoss 

Build Orders:  

Get SALT Encoding   

  12  0:00  Probe  
  13  0:13  Probe  
  14  0:19  Pylon  
  14  0:25  Probe  
  15  0:40  Gateway  
  16  0:46  Probe  
  16  0:47  Assimilator  
  16  0:58  Probe (Chrono Boost)  
  17  1:09  Probe (Chrono Boost), Pylon  
  18  1:14  Probe (Chrono Boost)  
  19  1:25  Probe  
  20  1:28  Cybernetics Core  
  20  1:34  Assimilator  
  20  1:37  Probe  
  21  1:49  Probe  
  22  2:01  Probe, Warp Gate (Chrono Boost)  
  23  2:06  Twilight Council  
  23  2:19  Nexus  
  23  2:25  Pylon  
  23  2:30  Probe  
  26  2:37  Zealot  
  26  2:43  Charge (Chrono Boost)  
  26  2:52  Gateway  
  26  2:57  Probe  
  27  3:04  Stalker (Chrono Boost)  
  29  3:09  Probe  
  30  3:18  Robotics Facility  
  30  3:33  Zealot  
  30  3:46  Gateway, Pylon  
  30  3:48  Zealot  
  29  4:07  Stalker  
  29  4:08  Stalker  
  20  4:31  Zealot  
  20  4:32  Zealot  
  24  4:40  Zealot  
  20  4:49  Zealot  
Tags
 
Add a new tag
Caveats
  • Supply blocks, unpowered buildings, or Contaminate may cause inaccurate times.
  • Supply counts are checked every 10 seconds.